 Dungeon Crawl Stone Soup version 0.29-a0-323-g050149af67 (webtiles) character file.

Game seed: 17799176407231776461

50 spaghetti the Covert (level 3, -7/26 HPs)
             Began as an Octopode Delver on Apr 10, 2022.
             Killed by divine providence
             ... invoked by an orc priest
              (15 damage)
             ... on level 5 of the Dungeon.
             The game lasted 00:01:10 (680 turns).

spaghetti the Covert (Octopode Delver)               Turns: 680, Time: 00:01:10

Health: -7/26      AC:  1    Str: 11    XL:     3   Next: 79%
Magic:  3/3        EV: 13    Int: 12    God:
Gold:   41         SH:  0    Dex: 15    Spells: 2/2 levels left

rFire   . . .      SeeInvis .   a - +0 falchion {long}
rCold   . . .      Faith    .   (no shield)
rNeg    . . .      Spirit   .   (helmet restricted)
rPois   .          Reflect  .   (no amulet)
rElec   .          Harm     .   (no ring)
rCorr   .          Rampage  .   (no ring)
Will    .....                   (no ring)
Stlth   +++++.....              (no ring)
HPRegen 0.08/turn               (no ring)
MPRegen 0.08/turn               (no ring)
                                (no ring)
                                (no ring)

@: hasted, very quick
A: almost no armour, amphibious, 8 rings, camouflage 1, gelatinous body 1,
(nimble swimmer 1), tentacles
a: no special abilities


You were on level 5 of the Dungeon.
You visited 1 branch of the dungeon, and saw 3 of its levels.

You collected 41 gold pieces.


Innate Abilities, Weirdness & Mutations

You cannot wear most types of armour.
You are amphibious.
You can wear up to eight rings at the same time.
Your skin changes colour to match your surroundings (Stealth+).
Your rubbery body absorbs attacks. (AC +1, EV +1)
((You are camouflaged when in or above water. (Stealth+)))
You have tentacles for arms and can constrict up to eight enemies at once.


   Skills:
 - Level 3.0 Fighting
 - Level 2.0 Long Blades
 - Level 2.0 Dodging
 + Level 8.4 Stealth


You had 2 spell levels left.
You didn't know any spells.
Your spell library was empty.

Inventory:

Hand Weapons
 a - a +0 falchion (weapon) {long}
 g - a +1 vorpal mace {mace}
   (You found it on level 5 of the Dungeon)
Missiles
 i - 27 stones (quivered) {throwing}
Wands
 f - a wand of digging (3)
Scrolls
 b - a scroll of fog
 c - a scroll of magic mapping {!r}
 d - a scroll of fear
Potions
 j - a potion of curing {unknown}

Dungeon Overview and Level Annotations

Branches:
Dungeon (7/15)
 Temple: D:4-7

Altars:

Shops:
D:5 :

Annotations:
D:5 Prince Ribbit

## .. #
#.##.###.#
#...{o@o.#
##
######o....#
.### #######
...# ..##
...#####⌠
.......+
#.######
#.##


You could see an orc priest and 2 orcs.


Message History

The white imp barely misses you. 😮 HP[+1]
You barely miss the white imp. You grab the white imp.
You tentacle-slap the white imp, but do no damage.
You constrict the white imp, but do no damage.
The white imp hits you.
* * * LOW HITPOINT WARNING * * *
The white imp freezes you.
* * * LOW HITPOINT WARNING * * *
😨 HP[-8]
You take 8 damage, and now have 8/26 hp.
MASSIVE DAMAGE!! (PAUSE)
You hit the white imp but do no damage. You constrict the white imp.
The white imp hits you but does no damage.
It was a potion of berserk rage.
A red film seems to cover your vision as you go berserk!
You feel yourself moving faster!
You feel mighty!
You constrict the white imp. The white imp gestures at you.
The puff of frost hits you!
* * * LOW HITPOINT WARNING * * *
😱 HP[-5]
You now have 39 max hp (+13).
You barely miss the white imp. You squeeze the white imp.
You constrict the white imp.
You kill the white imp!
You start resting.
You feel a strong urge to attack something.
You feel your anger nearly subside.
You are no longer berserk.
You are exhausted.
You feel yourself slow down.
You feel yourself speed up.
You recover from your berserk rage.
Unknown command. 😮 HP[+12]
You now have 26 max hp (-13).
You regained 12 hp, and now have 15/26 hp.
Unknown command.
You start resting. 😎 HP[+11]
Your hp is fully restored (26).
An ice beast comes into view.
An ice beast is nearby!
An ice beast is nearby!
Unknown command.
An adder comes into view.
The helpless adder fails to defend itself.
You slash the adder!
You kill the adder!
Found a stone staircase leading up.
There is a stone staircase leading up here.
You climb upwards.
Level annotation: Prince Ribbit
There is a stone staircase leading down here.
Unknown command.
Unknown command.
The helpless orc fails to defend itself.
You hit the orc but do no damage. Your grab misses the orc. The orc misses you.
The orc shouts!
You closely miss the orc. You grab the orc. You constrict the orc.
The orc wizard shouts!
The orc shouts!
The orc closely misses you. The orc completely misses you.
The orc closely misses you.
The orc priest looks encouraged for a moment.
The orc closely misses you.
You hit the orc. You squeeze the orc.
You kill the orc!
The orc closely misses you.
You closely miss the orc priest. Your grab misses the orc priest.
You squeeze the orc priest. The orc priest misses you.
The orc closely misses you.
You closely miss the orc priest. You grab the orc priest.
You constrict the orc priest. The orc barely misses you.
The orc priest barely misses you.
You closely miss the orc. You grab the orc.
You squeeze the orc, but do no damage. You constrict the orc priest.
You constrict the orc.
The orc priest hits you with a +0 hand axe.
The orc hits you but does no damage. The orc closely misses you. 😕 HP[-1]
You take 1 damage, and now have 25/26 hp.
You hit the orc. You grab the orc. You constrict the orc.
You constrict the orc priest. You constrict the orc.
The orc priest hits you with a +0 hand axe!
The orc hits you with a +0 whip. The orc misses you. The orc barely misses you.
The orc wizard casts a spell.
The orc wizard flickers and vanishes!
Deactivating autopickup; reactivate with Ctrl-A.
The orc priest closely misses you. The orc hits you with a +0 whip.
* * * LOW HITPOINT WARNING * * *
😨 HP[-17]
You take 17 damage, and now have 8/26 hp.
MASSIVE DAMAGE!! (PAUSE)
You feel yourself speed up.
You constrict the orc, but do no damage.
You constrict the orc priest.
You constrict the orc, but do no damage.
The orc priest invokes the aid of Beogh against you.
Beogh smites you!
Ouch! That really hurt!
You die...

Skill      XL: |  1  2 |
---------------+-------+-----
Stealth        | 7 8 |  8.4
Fighting       | |  3.0
Long Blades    | |  2.0
Dodging        | |  2.0

Action                   || total
-------------------------++-------
Melee: Falchion          ||    19
       Constrict         ||     7
       Tentacles         ||     5
       Punch             ||     1
  Use: Potion            ||     2
 Stab: Sleeping          ||     4
Armor: Skin              ||     2
Dodge: Dodged            ||    19

Levels and vault maps discovered:
D:5:      layout_basic, temple_doors_e, serial_shops, nicolae_shop_statue_plus,
          hex_tiny, uniq_prince_ribbit1, uniq_crazy_yiuf_cottage,
          uniq_eustachio, uniq_sigmund
D:6:      layout_layer_cave
D:7:      lemuel_castle_with_subvaults [lemuel_castle_interior_carwin_1],
          layout_gridville

Notes
Turn   | Place    | Note
-------+----------+-------------------------------------------
     0 | D:5      | spaghetti the Octopode Delver began the quest for the Orb.
     0 | D:5      | Reached XP level 1. HP: 16/16 MP: 1/1
     0 | D:5      | magus.rc [v1.9.6]
    39 | D:5      | Reached skill level 7 in Stealth
    39 | D:5      | Reached XP level 2. HP: 17/21 MP: 2/2
   116 | D:5      | Found Etepain's Book Shop.
   128 | D:5      | Reached skill level 8 in Stealth
   128 | D:5      | Reached XP level 3. HP: 25/26 MP: 3/3
   143 | D:5      | Noticed Prince Ribbit
   143 | D:5      | You fall into a shaft and drop 2 floors!
   317 | D:6      | HP: 3/39 [white imp/puff of frost (9)]
   605 | D:6      | Noticed an ice beast
   680 | D:5      | Killed from afar by an orc priest

Vanquished Creatures
  An iguana (D:5)
  An adder (D:6)
  2 white imps
  An orc (D:5)
5 creatures vanquished.

Table legend:
 A = Non-vault XP
 B = Vault XP
 C = Vault XP percentage of total XP
 D = Non-vault monster count
 E = Vault monster count
 F = Vault count percentage of total count
                 A         B        C        D         E       F
            +---------+---------+-------+---------+---------+-------
      Total |      72 |       0 |   0.0 |       5 |       0 |   0.0
            +---------+---------+-------+---------+---------+-------
        D:5 |      49 |       0 |   0.0 |       3 |       0 |   0.0
        D:6 |      23 |       0 |   0.0 |       2 |       0 |   0.0
            +---------+---------+-------+---------+---------+-------

Illustrated notes

Table legend:
 A = Kills in this place as a percentage of kills in entire the game.
 B = Kills by you in this place as a percentage of kills by you in the entire game.
 C = Kills by friends in this place as a percentage of kills by friends in the entire game.
 D = Other kills in this place as a percentage of other kills in the entire game.
 E = Experience gained in this place as a percentage of experience gained in the entire game.
 F = Experience gained in this place divided by the number of levels of this place that you have seen.
                   A       B       C       D       E      F
               +-------+-------+-------+-------+-------+----------------------
         Total | 100.0 | 100.0 |   N/A |   N/A | 100.0 |  24.0
       Dungeon | 100.0 | 100.0 |   N/A |   N/A | 100.0 |  24.0
               +-------+-------+-------+-------+-------+----------------------

Table legend: (Time is in decaauts)
 A = Elapsed time spent in this place.
 B = Non-inter-level travel time spent in this place.
 C = Inter-level travel time spent in this place.
 D = Time resting spent in this place.
 E = Time spent auto-exploring this place.
 F = Levels seen in this place.
 G = Mean time per level.
                   A        B        C        D        E       F      G
               +--------+--------+--------+--------+--------+-----+--------+
         Total |    693 |    693 |      0 |    455 |    147 |   3 |  231.0 |
       Dungeon |    693 |    693 |      0 |    455 |    147 |   3 |  231.0 |
               +--------+--------+--------+--------+--------+-----+--------+

Top non-repeatable levels by time:
     D:6: 430 daAuts
     D:5: 154 daAuts
     D:7: 108 daAuts
